 Dungeon Crawl Stone Soup version 0.18-a0-1206-g2bec475 (webtiles) character file.

524 Lianjan the Shield-Bearer (level 7, 0/52 HPs)
             Began as a Formicid Fighter on Feb 1, 2016.
             Slain by an ogre
             ... wielding a +0 giant club
              (25 damage)
             ... on level 5 of the Dungeon.
             The game lasted 00:20:22 (4381 turns).

Lianjan the Shield-Bearer (Formicid Fighter)        Turns: 4381, Time: 00:20:23

Health: 0/52       AC: 12    Str: 22    XL:     7   Next: 46%
Magic:  7/7        EV:  7    Int:  8    God:
Gold:   310        SH:  0    Dex: 10    Spells: 0 memorised, 6 levels left

rFire  . . .     SeeInvis +     a - +0 long sword
rCold  . . .     Gourm    .     A - +0 chain mail (curse)
rNeg   . . .     Faith    .     (no shield)
rPois  .         Spirit   .     (helmet unavailable)
rElec  .         Dismiss  .     (no cloak)
rCorr  +         Reflect  .     u - +2 pair of gloves
SustAt +         Harm     .     (no boots)
MR     .....                    (no amulet)
Stlth  ..........               G - ring of sustain attributes
                                y - ring of resist corrosion

@: not resistant to hostile enchantments, extremely unstealthy
A: permanent stasis, dig shafts and tunnels, four strong arms, antennae 3
a: Dig, Shaft Self


You were on level 5 of the Dungeon.
You were very hungry.

You visited 1 branch of the dungeon, and saw 5 of its levels.

You collected 310 gold pieces.

Inventory:

Hand Weapons
 a - a +0 long sword (weapon)
 l - a +0 short sword of freezing
 r - a +0 hunting sling
Missiles
 g - 180 stones
 p - 4 tomahawks (quivered)
 x - 12 silver sling bullets
Armour
 c - a +0 shield
 t - a fire dragon hide
 u - a +2 pair of gloves (worn)
 A - a cursed +0 chain mail (worn)
 H - a +0 plate armour
Jewellery
 y - a ring of resist corrosion (left hand)
 E - an uncursed ring of ice
 G - a ring of sustain attributes (right hand)
Scrolls
 e - 3 scrolls of identify {unknown}
 n - 2 scrolls of teleportation {unknown}
 o - a scroll of amnesia {unknown}
 q - a scroll of fear {unknown}
 s - 2 scrolls of enchant weapon {unknown}
 B - 3 scrolls of remove curse {unknown}
 D - a scroll of magic mapping {unknown}
 F - a scroll of blinking {unknown}
Potions
 b - a potion of brilliance {unknown}
 d - a potion of might
 h - 3 potions of curing {unknown}
 j - a potion of heal wounds {unknown}
 m - a potion of cure mutation {unknown}
 v - 3 potions of lignification {unknown}
 z - a potion of flight {unknown}
 J - a potion of agility {unknown}
Books
 I - a book of Spatial Translocations

   Spells                             Type                      Level
   a - Apportation                    Translocation                1
   b - Blink                          Translocation                2
   c - Shroud of Golubria             Charms/Translocation         2
   d - Portal Projectile              Translocation                3
   e - Teleport Other                 Translocation                3
   f - Passage of Golubria            Translocation                4
Comestibles
 f - 5 bread rations
 i - a beef jerky
 k - a royal jelly
 w - 2 slices of pizza
 C - a meat ration


   Skills:
 - Level 3.2 Fighting
 * Level 5.9 Long Blades
 - Level 3.2 Armour
 + Level 6.8 Shields


You had 6 spell levels left.
You didn't know any spells.

Dungeon Overview and Level Annotations

Branches:
Dungeon (5/15)
 Temple: D:4-7

Altars:
Gozag
Makhleb
Pakellas
Trog
Xom

Shops:
D:3 *


Innate Abilities, Weirdness & Mutations

You are under a permanent stasis effect.
You can dig through walls and to a lower floor.
Your four strong arms can wield two-handed weapons with a shield.
You have a pair of large antennae on your head (SInv).


Message History

You throw a tomahawk. The tomahawk hits the ogre.
The ogre is lightly wounded.
Your chain mail prevents you from hitting the ogre.
The ogre is lightly wounded.
The ogre hits you with a giant club.
You hit the ogre.
The ogre is moderately wounded.
The ogre hits you with a giant club!
You slash the ogre!
The ogre is severely wounded.
The ogre closely misses you.
You hit the ogre.
The ogre is almost dead.
The ogre hits you with a giant club!
You hit the ogre.
The ogre is almost dead.
You hit the ogre.
The ogre is almost dead.
The ogre hits you with a giant club!!
You die...

######.....#
##..........# .#
.............# < #
###.....#'#.## .# #.#
#.....+_+.# . ....
#######'### .#
.....#######.####.####.
...(.(O................
##@...........###
#................
#............####
##.##..).....#
#.##........#
#.##........#
#.##........#
#.##........#
#.###########


You could see an ogre.

Vanquished Creatures
  The ghost of casanoah the Conjurer, an amateur DEWz (D:4)
  An ice beast (D:5)
  A scorpion (D:3)
  2 hounds
  An orc priest (D:4)
  Terence (D:2)
  A worker ant (D:5)
  5 adders
  An ooze (D:2)
  2 giant geckos
  4 orcs
  4 giant cockroaches
  11 goblins
  10 hobgoblins
  9 jackals
  A quokka (D:4)
  2 ball pythons
  9 bats
  A giant gecko skeleton (D:4)
  3 giant newts
  12 kobolds
  11 rats
93 creatures vanquished.

Notes
Turn   | Place    | Note
--------------------------------------------------------------
     0 | D:1      | Lianjan the Formicid Fighter began the quest for the Orb.
     0 | D:1      | Reached XP level 1. HP: 18/18 MP: 1/1
   200 | D:1      | Reached XP level 2. HP: 22/24 MP: 2/2
   230 | D:1      | Reached skill level 4 in Shields
   609 | D:1      | Reached XP level 3. HP: 29/29 MP: 3/3
  1283 | D:2      | Reached XP level 4. HP: 24/35 MP: 4/4
  1521 | D:2      | Found a shimmering altar of Xom.
  1697 | D:2      | Reached skill level 5 in Shields
  2023 | D:2      | Noticed Terence
  2043 | D:2      | Killed Terence
  2043 | D:2      | Reached XP level 5. HP: 41/41 MP: 5/5
  2329 | D:3      | Found Gozag's Platinum Reserve.
  2334 | D:3      | Found an opulent altar of Gozag.
  2417 | D:3      | Reached XP level 6. HP: 21/47 MP: 6/6
  3109 | D:3      | Reached skill level 6 in Shields
  3420 | D:4      | Found a burning altar of Makhleb.
  3530 | D:4      | Reached skill level 5 in Long Blades
  3805 | D:4      | Found an oddly glowing altar of Pakellas.
  4002 | D:4      | Noticed casanoah's ghost (amateur DEWz)
  4028 | D:4      | Killed casanoah's ghost
  4028 | D:4      | Reached XP level 7. HP: 40/52 MP: 7/7
  4263 | D:5      | Entered Level 5 of the Dungeon
  4297 | D:5      | Found a bloodstained altar of Trog.
  4381 | D:5      | Slain by an ogre

Vault maps used:
D:1:      minmay_arrival_nine_rooms
D:2:      old_standard_altar, uniq_terence
D:3:      minmay_door_path, nicolae_gozag_zags_fifth_avenue
D:4:      nicolae_overflow_crystal_walls, makhleb_heckhound_becter
D:5:      kennysheep_mini, first_bread, serial_shops, shop

Action                   |  1- 3 |  4- 6 |  7- 9 || total
-------------------------+-------+-------+-------++-------
Melee: Long sword        |   111 |   248 |    30 ||   389
Throw: Tomahawk          |       |     4 |     3 ||     7
  Use: Potion            |       |     1 |       ||     1
  Eat: Chunk             |     1 |     8 |       ||     9
       Pizza             |       |       |     1 ||     1
